 Dungeon Crawl Stone Soup version 0.26.1-11-gd32895ea62 (webtiles) character file.

Game seed: 17473567979953573022

120 Destapler the Magician (level 5, 0/37 HPs)
             Began as a Gnoll Wanderer on Apr 30, 2021.
             Slain by a gnoll
             ... wielding a +0 spear
              (11 damage)
             ... on level 2 of the Dungeon.
             The game lasted 00:07:19 (3578 turns).

Destapler the Magician (Gnoll Wanderer)             Turns: 3578, Time: 00:07:19

Health: 0/37       AC:  3    Str: 15    XL:     5   Next: 4%
Magic:  12/12      EV: 14    Int: 14    God:
Gold:   161        SH:  0    Dex: 15    Spells: 14/14 levels left

rFire    + . .     SeeInvis .   a - +2 dagger
rCold    + . .     Faith    .   (no shield)
rNeg     . . .     Spirit   .   p - +0 leather armour
rPois    +         Reflect  .   (helmet restricted)
rElec    +         Harm     .   (no cloak)
rCorr    +         Rampage  .   (no gloves)
Will     .....                  (no boots)
Stlth    ++........             (no amulet)
HPRegen  0.12/turn              o - ring of wizardry
MPRegen  0.13/turn              (no ring)

@: resistant
A: distributed training, antennae 1, fangs 1, sense surroundings 1, strong nose
a: no special abilities


You were on level 2 of the Dungeon.
You visited 1 branch of the dungeon, and saw 3 of its levels.

You collected 161 gold pieces.

Inventory:

Hand Weapons
 a - a +2 dagger (weapon)
Missiles
 k - 7 javelins (quivered)
Armour
 e - a +0 robe
 m - a +0 ring mail
 p - a +0 leather armour (worn)
Jewellery
 o - a ring of wizardry (left hand)
Scrolls
 g - 2 scrolls of random uselessness {unknown}
 h - 4 scrolls of amnesia {unknown}
 j - 3 scrolls of identify {unknown}
 q - a scroll of noise {unknown}
 r - a scroll of magic mapping {unknown}
 t - a scroll of remove curse {unknown}
 v - a scroll of enchant weapon {unknown}
 w - 2 scrolls of teleportation {unknown}
 x - a scroll of enchant armour {unknown}
Potions
 b - a potion of magic {unknown}
 c - a potion of lignification
 d - 2 potions of curing
 f - a potion of might {unknown}
 i - 2 potions of attraction {unknown}
 l - 2 potions of heal wounds
 n - a potion of brilliance {unknown}
 s - a potion of mutation
 z - a potion of haste {unknown}


   Skills:
 + Level 1.3 Fighting
 + Level 1.3 Short Blades
 + Level 4.7 Long Blades
 + Level 1.3 Axes
 + Level 1.3 Maces & Flails
 + Level 1.3 Polearms
 + Level 1.3 Staves
 + Level 1.3 Slings
 + Level 1.3 Bows
 + Level 1.3 Crossbows
 + Level 2.8 Throwing
 + Level 1.3 Armour
 + Level 4.7 Dodging
 + Level 4.3 Stealth
 + Level 1.3 Shields
 + Level 1.3 Unarmed Combat
 + Level 5.1 Spellcasting
 + Level 1.0 Conjurations
 + Level 1.0 Hexes
 + Level 1.0 Summonings
 + Level 1.0 Necromancy
 + Level 1.0 Translocations
 + Level 1.0 Transmutations
 + Level 1.0 Fire Magic
 + Level 1.0 Ice Magic
 + Level 1.0 Air Magic
 + Level 1.0 Earth Magic
 + Level 2.3 Poison Magic
 + Level 1.4 Invocations
 + Level 1.3 Evocations


You had 14 spell levels left.
You didn't know any spells.
Your spell library was empty.

Dungeon Overview and Level Annotations

Branches:
Dungeon (3/15)

Altars:


Innate Abilities, Weirdness & Mutations

Your experience applies equally to all skills.
You have very sharp teeth.
Your uncanny sense of smell can sniff out nearby items.
You have a pair of small antennae on your head.
You passively map a small area around you.


Message History

The gnoll completely misses you.
You hit the gnoll but do no damage. The gnoll hits you with a +0 spear.
You hit the gnoll but do no damage. The gnoll completely misses you.
You hit the gnoll. You bite the gnoll, but do no damage.
The gnoll is lightly wounded.
You hit the gnoll but do no damage. Your bite misses the gnoll.
The gnoll is lightly wounded.
The gnoll closely misses you.
You hit the gnoll. Your bite misses the gnoll.
The gnoll is moderately wounded.
The gnoll hits you with a +0 spear.
* * * LOW HITPOINT WARNING * * *
You hit the gnoll.
The gnoll is heavily wounded.
The gnoll hits you with a +0 spear.
* * * LOW HITPOINT WARNING * * *
You hit the gnoll but do no damage. You bite the gnoll, but do no damage.
The gnoll is heavily wounded.
The gnoll hits you with a +0 spear!
You die...

######### #.......# ####
#.......# ...###)......#
.............#
.............##############
...............g@[........#
.............###########.##
.....)..###### #.#
........# #.# #.......# #.#
#(......# #.# ######### #.#
#.# #.#


You could see a gnoll.

Vanquished Creatures
  A gnoll (D:2)
  2 adders
  3 dart slugs
  11 orcs
  4 ball pythons
  5 giant cockroaches
  8 goblins
  10 hobgoblins
  A jackal (D:3)
  2 quokkas (D:2)
  10 bats
  A frilled lizard (D:3)
  9 kobolds
  2 rats
69 creatures vanquished.

Notes
Turn   | Place    | Note
-------+----------+-------------------------------------------
     0 | D:1      | Destapler the Gnoll Wanderer began the quest for the Orb.
     0 | D:1      | Destapler set off with the following items: a +2 dagger, a
                  | potion of heal wounds, a potion of lignification, a potion
                  | of curing, a +0 robe
     0 | D:1      | Reached XP level 1. HP: 13/13 MP: 6/6
   380 | D:1      | Reached XP level 2. HP: 17/19 MP: 7/7
  1428 | D:2      | Reached XP level 3. HP: 25/25 MP: 9/9
  1433 | D:2      | Reached skill level 5 in Spellcasting
  1848 | D:2      | Reached skill level 1 in Invocations
  2108 | D:2      | Reached skill level 1 in Fighting
  2108 | D:2      | Reached skill level 1 in Short Blades
  2108 | D:2      | Reached skill level 1 in Axes
  2108 | D:2      | Reached skill level 1 in Maces & Flails
  2108 | D:2      | Reached skill level 1 in Polearms
  2108 | D:2      | Reached skill level 1 in Staves
  2108 | D:2      | Reached skill level 1 in Slings
  2108 | D:2      | Reached skill level 1 in Bows
  2108 | D:2      | Reached skill level 1 in Crossbows
  2108 | D:2      | Reached skill level 1 in Armour
  2108 | D:2      | Reached skill level 1 in Shields
  2108 | D:2      | Reached skill level 1 in Unarmed Combat
  2108 | D:2      | Reached skill level 1 in Evocations
  2329 | D:3      | Reached XP level 4. HP: 30/32 MP: 11/11
  2701 | D:3      | Reached skill level 1 in Conjurations
  2701 | D:3      | Reached skill level 1 in Hexes
  2701 | D:3      | Reached skill level 1 in Summonings
  2701 | D:3      | Reached skill level 1 in Necromancy
  2701 | D:3      | Reached skill level 1 in Translocations
  2701 | D:3      | Reached skill level 1 in Transmutations
  2701 | D:3      | Reached skill level 1 in Fire Magic
  2701 | D:3      | Reached skill level 1 in Ice Magic
  2701 | D:3      | Reached skill level 1 in Air Magic
  2701 | D:3      | Reached skill level 1 in Earth Magic
  3355 | D:3      | Reached XP level 5. HP: 32/37 MP: 12/12
  3570 | D:2      | Gained mutation: You have a pair of small antennae on your
                  | head. [potion of mutation]
  3570 | D:2      | Gained mutation: You passively map a small area around you.
                  | [potion of mutation]
  3578 | D:2      | Slain by a gnoll

Illustrated notes

Levels and vault maps discovered:
D:1:      evilmike_arrival_hilbert_curve, layout_rooms, supply_closet_lemuel
D:2:      layout_basic, corexii_leaking_fountain
D:3:      minmay_chambers_of_twos, layout_basic, grunt_ministairs_8

Skill      XL: |  1  2  3  4 |
---------------+-------------+-----
Poison Magic   | 2 |  2.3
Spellcasting   | 5 |  5.1
Invocations    | 1 |  1.4
Fighting       | 1 |  1.3
Short Blades   | 1 |  1.3
Axes           | 1 |  1.3
Maces & Flails | 1 |  1.3
Polearms       | 1 |  1.3
Staves         | 1 |  1.3
Slings         | 1 |  1.3
Bows           | 1 |  1.3
Crossbows      | 1 |  1.3
Armour         | 1 |  1.3
Shields        | 1 |  1.3
Unarmed Combat | 1 |  1.3
Evocations     | 1 |  1.3
Conjurations   | 1 |  1.0
Hexes          | 1 |  1.0
Summonings     | 1 |  1.0
Necromancy     | 1 |  1.0
Translocations | 1 |  1.0
Transmutations | 1 |  1.0
Fire Magic     | 1 |  1.0
Ice Magic      | 1 |  1.0
Air Magic      | 1 |  1.0
Earth Magic    | 1 |  1.0
Long Blades    | |  4.7
Throwing       | |  2.8
Dodging        | |  4.7
Stealth        | |  4.3

Action                   |  1- 3 |  4- 6 || total
-------------------------+-------+-------++-------
Melee: Dagger            |   109 |   133 ||   242
       Bite              |    11 |    13 ||    24
Throw: Javelin           |     6 |     5 ||    11
  Use: Potion            |     1 |     4 ||     5
 Stab: Sleeping          |     5 |     3 ||     8
Armor: Robe              |    14 |       ||    14
       Leather armour    |     8 |    34 ||    42
       Skin              |       |     9 ||     9
Dodge: Dodged            |    94 |   126 ||   220
